 Dungeon Crawl Stone Soup version 0.30.1-3-gfc49f6343a (webtiles) character file.

Game seed: 13245327066525265784

25049 jtron the Covert (level 13, -8/135 HPs)
             Began as a Gnoll Wanderer on Aug 7, 2023.
             Was a High Priest of Hepliaklqana.
             Mangled by a skeletal warrior
             ... wielding a +0 glaive
             ... led by a death knight
              (24 damage)
             ... on level 13 of the Dungeon.
             The game lasted 00:36:00 (13565 turns).

jtron the Covert (Gnoll Wanderer)                  Turns: 13565, Time: 00:36:01

Health: -8/135     AC: 24    Str: 21    XL:     13   Next: 17%
Magic:  25/25      EV: 15    Int: 13    God:    Hepliaklqana [*****.]
Gold:   1183       SH: 16    Dex: 16    Spells: 17/28 levels left

rFire   . . .        P - +3 rapier (venom)
rCold   + + .        q - +5 buckler "Paypn" {Will+ Str+6}
rNeg    . . .        W - +3 ring mail of the Tundras {rElec rC++ Int+4 Stlth+}
rPois   .            D - +1 helmet
rElec   +            T - scarf {shadows}
rCorr   .            r - +1 pair of gloves
SInv    .            j - +0 pair of boots
Will    +....        F - amulet of reflection Stlth
                     z - +4 ring of protection
HPRegen 0.42/turn    Y - +4 ring of protection
MPRegen 0.19/turn

%: reflection
@: mighty, berserking (expiring), very quick
A: reduced essence, fangs 1, strong nose, distributed training
a: Renounce Religion, Recall Ancestor, Ancestor Identity, Transference, Idealise


You were on level 13 of the Dungeon.
You worshipped Hepliaklqana.
Hepliaklqana was extremely pleased with you.
You visited 3 branches of the dungeon, and saw 15 of its levels.
You also visited: Bailey.

You collected 1183 gold pieces.

Inventory:

Hand Weapons
 c - the +9 battleaxe "Ralothri" {heavy, rElec Str+4}
   (You found it on level 2 of the Dungeon)

   Str:       It affects your strength (+4).
   rElec:     It insulates you from electricity.
 i - a +3 great sword of holy wrath
 C - a +0 hand axe of flaming
 P - a +3 rapier of venom (weapon)
Missiles
 f - 6 throwing nets
 t - 14 poisoned darts (quivered)
 G - 41 boomerangs
Armour
 e - the +0 ring mail of the Known World {rF- rN+++ Dex+4}
   (You found it on level 2 of the Dungeon)

   Dex:       It affects your dexterity (+4).
   rF:        It makes you vulnerable to fire.
   rN:        It renders you almost immune to negative energy.
 j - a +0 pair of boots (worn)
 q - the +5 buckler "Paypn" (worn) {Will+ Str+6}
   (You acquired it on level 7 of the Dungeon)

   Str:       It affects your strength (+6).
   Will:      It increases your willpower.
 r - a +1 pair of gloves (worn)
 D - a +1 helmet (worn)
 T - a scarf of shadows (worn)
 W - the +3 ring mail of the Tundras (worn) {rElec rC++ Int+4 Stlth+}
   (You took it off an orc on level 6 of the Dungeon)

   Int:       It affects your intelligence (+4).
   rC:        It greatly protects you from cold.
   rElec:     It insulates you from electricity.
   Stlth:     It makes you more stealthy.
Jewellery
 a - a ring of resist corrosion
 z - a +4 ring of protection (left hand)
 F - an amulet of reflection (around neck)
 S - a ring of see invisible
 Y - a +4 ring of protection (right hand)
Wands
 w - a wand of polymorph (4)
 K - a wand of paralysis (1)
 M - a wand of flame (39)
 N - a wand of roots (9)
 X - a wand of light (3)
Scrolls
 d - 3 scrolls of fog
 g - 3 scrolls of teleportation
 k - 3 scrolls of magic mapping
 l - a scroll of blinking
 u - 2 scrolls of fear
 y - 6 scrolls of identify
 Z - a scroll of butterflies
Potions
 h - 2 potions of curing
 o - 3 potions of brilliance
 p - 6 potions of haste
 v - a potion of ambrosia
 x - a potion of might
 A - 2 potions of invisibility
 B - 4 potions of mutation
 E - a potion of lignification
 O - a potion of cancellation
 R - a potion of magic
Miscellaneous
 m - a phantom mirror


   Skills:
 + Level 9.6 Fighting
 + Level 8.3 Short Blades
 + Level 8.3 Long Blades
 + Level 8.3 Axes
 + Level 8.3 Maces & Flails
 + Level 8.3 Polearms
 + Level 8.3 Staves
 + Level 8.3 Ranged Weapons
 + Level 8.8 Throwing
 + Level 9.6 Armour
 + Level 8.3 Dodging
 + Level 11.4 Stealth
 + Level 8.3 Shields
 + Level 8.3 Unarmed Combat
 + Level 8.3 Spellcasting
 + Level 6.9 Conjurations
 + Level 6.9 Hexes
 + Level 6.9 Summonings
 + Level 6.9 Necromancy
 + Level 6.9 Translocations
 + Level 6.9 Transmutations
 + Level 6.9 Fire Magic
 + Level 6.9 Ice Magic
 + Level 6.9 Air Magic
 + Level 6.9 Earth Magic
 + Level 6.9 Poison Magic
 + Level 9.5 Invocations
 + Level 8.3 Evocations


You had 17 spell levels left.
You knew the following spells:

 Your Spells              Type           Power      Damage    Failure   Level
a - Searing Ray           Conj           46%        2d6       1%          2
b - Call Canine Familiar  Summ           23%        N/A       4%          3
c - Hailstorm             Conj/Ice       23%        3d7       4%          3
d - Swiftness             Air            23%        N/A       4%          3

Your spell library contained the following spells:

 Spells                   Type           Power      Damage    Failure   Level
 Freeze                   Ice            92%        1d9       1%          1
 Magic Dart               Conj           92%        1d7       1%          1
 Blink                    Tloc           46%        N/A       1%          2
 Ensorcelled Hibernation  Hex/Ice        46%        N/A       1%          2
 Lesser Beckoning         Tloc           46%        N/A       1%          2
 Momentum Strike          Conj/Tloc      46%        3d9       1%          2
 Passwall                 Tmut/Erth      19%        N/A       1%          2
 Sublimation of Blood     Necr           23%        N/A       1%          2
 Frozen Ramparts          Ice            46%        1d7       4%          3
 Inner Flame              Hex/Fire       23%        N/A       4%          3
 Portal Projectile        Hex/Tloc       46%        N/A       4%          3
 Fulminant Prism          Conj/Hex       11%        3d8       14%         4
 Leda's Liquefaction      Hex/Erth       11%        N/A       14%         4
 Petrify                  Tmut/Erth      23%        N/A       14%         4
 Irradiate                Conj/Tmut      11%        3d15      36%         5
 Yara's Violent Unravell  Hex/Tmut       11%        3d6       36%         5
 Enfeeble                 Hex            11%        N/A       100%        7


Dungeon Overview and Level Annotations

Branches:
Dungeon (13/15)            Temple (1/1) D:4            Lair (1/5) D:10
    Orc (0/2) D:9          Bailey (visited)
 Vaults: D:13-14

Altars:
Ashenzari
Cheibriados
Dithmenos
Elyvilon
Fedhas
Gozag
Hepliaklqana
Kikubaaqudgha
Makhleb
Nemelex Xobeh
Okawaru
Qazlal
Ru
Sif Muna
Trog
Uskayaw
Vehumet
Wu Jian
Xom
Yredelemnul
Zin
The Shining One

Annotations:
D:10 1 runed translucent door, cheesebisquit's ghost, novice TrFi
D:12 Roubeug's ghost, journeyman FeBe


Innate Abilities, Weirdness & Mutations

Your life essence is reduced to manifest your ancestor. (-10% HP)
You have very sharp teeth.
Your uncanny sense of smell can sniff out nearby items.
Your experience applies equally to all skills.


Message History

The purple ugly thing looks as sick as possible!
You bite the purple ugly thing.
You kill the purple ugly thing!
You block the skeletal warrior's attack.
You block the wraith's attack.
Items here: ) [ ††.
You hit the wraith. You bite the wraith, but do no damage.
The wraith is severely damaged.
You block the skeletal warrior's attack.
You block the wraith's attack.
You hit the wraith.
The wraith is severely damaged.
You hit the wraith. You bite the wraith, but do no damage.
The wraith is almost destroyed.
The wraith closely misses you.
The skeletal warrior completely misses you.
You hit the skeletal warrior.
The skeletal warrior is severely damaged.
You hit the wraith.
The wraith is almost destroyed.
The skeletal warrior hits you but does no damage.
The wraith hits you but does no damage.
You puncture the skeletal warrior!
The skeletal warrior is almost destroyed.
You barely miss the wraith.
The wraith is almost destroyed.
You block the skeletal warrior's attack.
The wraith barely misses you.
You closely miss the wraith.
The wraith is almost destroyed.
You hit the skeletal warrior.
The skeletal warrior is almost destroyed.
You block the wraith's attack.
The skeletal warrior closely misses you.
You puncture the wraith!
You destroy the wraith!
You hit the skeletal warrior but do no damage.
The skeletal warrior is almost destroyed.
The skeletal warrior hits you with a +0 glaive!!
You die...

### # ..# #. ..#
#.. ..#
##...#####..#
>......@....#
..###'z##...#
#.....#...####
#.....#.......
..#.....#.......
..#######.......
#................
#................
####.
#................


You could see a skeletal warrior.

Vanquished Creatures
  An orc warlord (Bailey)
  Harold (D:10)
  2 centaur warriors (D:8)
  3 two-headed ogres
  A death knight (D:13)
  2 tengu warriors
  Nergalle (D:11)
  Lodul (D:11)
  2 orc knights (Bailey)
  An ugly thing (D:13)
  2 cane toads (Lair:1)
  A komodo dragon (D:10)
  A merfolk (shapeshifter) (D:8)
  6 trolls
  Sigmund (D:4)
  A wraith (D:13)
  3 yaks (D:11)
  A wyvern (D:10)
  6 vampire mosquitoes
  3 water moccasins
  4 orc warriors
  An ice beast (D:6)
  3 ogres
  2 centaurs
  6 wolves
  A kobold brigand (D:9)
  2 bullfrogs (Lair:1)
  3 necrophages (D:7)
  4 scorpions
  A wyvern zombie (D:7)
  6 killer bees
  2 vampire bats (D:10)
  A howler monkey (D:5)
  2 centaur zombies (D:7)
  A hound (D:4)
  A human zombie (D:7)
  A gnoll bouda (D:4)
  2 jellies
  9 orc priests
  An iguana (D:4)
  Natasha (thrice) (D:2)
  2 hell rats (Lair:1)
  4 orc wizards
  A killer bee zombie (D:7)
  A mummy (D:7)
  A howler monkey zombie (D:7)
  5 adders
  13 gnolls
  A river rat (Lair:1)
  An ufetubus (D:4)
  2 worms (D:3)
  2 dart slugs
  22 orcs
  4 ball pythons
  A bat (D:2)
  A bat skeleton (D:10)
  3 bat zombies (D:10)
  4 endoplasms
  9 goblins
  3 hobgoblins
  10 kobolds
  2 quokkas
  A frilled lizard (D:3)
  6 rats
195 creatures vanquished.

Vanquished Creatures (collateral kills)
  2 two-headed ogres
  A tengu warrior (D:13)
  Sonja (D:11)
  An ugly thing (D:12)
  2 manticores (D:12)
  Maurice (D:8)
  2 cane toads (Lair:1)
  An efreet (D:8)
  A freezing wraith (D:13)
  A komodo dragon (Lair:1)
  A troll (D:12)
  3 yaks
  A vampire (D:11)
  A wraith (D:13)
  Grum (D:8)
  A basilisk (Lair:1)
  4 vampire mosquitoes
  2 water moccasins
  3 orc warriors
  5 ogres (D:11)
  6 wolves
  A gnoll sergeant (D:10)
  A wyvern zombie (D:7)
  4 bullfrogs
  A wight (D:7)
  A vampire bat (D:10)
  A howler monkey (D:11)
  3 orc priests
  3 hell rats (Lair:1)
  5 orc wizards
  3 gnolls
  4 river rats (Lair:1)
  11 orcs
  2 bat skeletons (D:10)
  A goblin (Bailey)
  2 hobgoblins (Bailey)
  9 kobolds
  3 rats (Lair:1)
96 creatures vanquished.

Vanquished Creatures (others)
  An orc wizard (D:11)
  10 battlemagi
  3 ancestors (D:7)
14 creatures vanquished.

Grand Total: 305 creatures vanquished

Notes
Turn   | Place    | Note
-------+----------+-------------------------------------------
     0 | D:1      | jtron the Gnoll Wanderer began the quest for the Orb.
     0 | D:1      | jtron set off with the following items: a +3 dagger, a
                  | potion of might, a +0 ring mail, a scroll of fog.
     0 | D:1      | Reached XP level 1. HP: 20/20 MP: 2/2
    25 | D:1      | You fall into a shaft and drop 1 floor!
    46 | D:2      | Reached XP level 2. HP: 16/26 MP: 3/3
   101 | D:2      | Identified the +0 ring mail of the Known World {rF- rN+++
                  | Dex+4}
   175 | D:2      | Identified the +9 battleaxe "Ralothri" {heavy, rElec Str+4}
   212 | D:2      | Noticed Natasha
   216 | D:2      | Killed Natasha
   217 | D:2      | Reached XP level 3. HP: 31/31 MP: 3/5
   334 | D:2      | Reached skill level 1 in Short Blades
   334 | D:2      | Reached skill level 1 in Long Blades
   334 | D:2      | Reached skill level 1 in Axes
   334 | D:2      | Reached skill level 1 in Maces & Flails
   334 | D:2      | Reached skill level 1 in Polearms
   334 | D:2      | Reached skill level 1 in Staves
   334 | D:2      | Reached skill level 1 in Ranged Weapons
   334 | D:2      | Reached skill level 1 in Dodging
   334 | D:2      | Reached skill level 1 in Shields
   334 | D:2      | Reached skill level 1 in Unarmed Combat
   334 | D:2      | Reached skill level 1 in Spellcasting
   334 | D:2      | Reached skill level 1 in Evocations
   400 | D:2      | Noticed Natasha
   710 | D:2      | Killed Natasha
   711 | D:2      | Reached skill level 1 in Conjurations
   711 | D:2      | Reached skill level 1 in Hexes
   711 | D:2      | Reached skill level 1 in Summonings
   711 | D:2      | Reached skill level 1 in Necromancy
   711 | D:2      | Reached skill level 1 in Translocations
   711 | D:2      | Reached skill level 1 in Transmutations
   711 | D:2      | Reached skill level 1 in Fire Magic
   711 | D:2      | Reached skill level 1 in Ice Magic
   711 | D:2      | Reached skill level 1 in Air Magic
   711 | D:2      | Reached skill level 1 in Earth Magic
   711 | D:2      | Reached skill level 1 in Poison Magic
   711 | D:2      | Reached XP level 4. HP: 35/38 MP: 6/6
   817 | D:2      | Noticed Natasha
   828 | D:2      | Killed Natasha
   975 | D:3      | Reached XP level 5. HP: 43/43 MP: 7/7
  1047 | D:3      | Found a white marble altar of Elyvilon.
  1133 | D:3      | Found a shimmering blue altar of Sif Muna.
  1435 | D:3      | Found a radiant altar of Vehumet.
  1825 | D:4      | Reached skill level 8 in Stealth
  1836 | D:4      | Reached XP level 6. HP: 46/50 MP: 8/8
  1914 | D:4      | Reached skill level 5 in Fighting
  1914 | D:4      | Reached skill level 5 in Armour
  2080 | D:4      | Found a glowing golden altar of the Shining One.
  2141 | D:4      | Noticed Sigmund
  2153 | D:4      | Killed Sigmund
  2154 | D:4      | Reached XP level 7. HP: 35/56 MP: 10/10
  2380 | D:4      | Found a staircase to the Ecumenical Temple.
  2405 | Temple   | Entered the Ecumenical Temple
  2510 | Temple   | Became a worshipper of Hepliaklqana the Forgotten
  3393 | D:5      | Entered Level 5 of the Dungeon
  3605 | D:5      | Reached XP level 8. HP: 50/63 MP: 12/12
  3892 | D:5      | Reached * piety under Hepliaklqana
  4052 | D:6      | Found a sand-covered staircase.
  4386 | D:6      | Identified the +3 ring mail of the Tundras {rElec rC++
                  | Int+4 Stlth+}
  4682 | D:6      | Found an opulent altar of Gozag.
  4772 | D:6      | Found a bloodstained altar of Trog.
  5066 | D:7      | Reached skill level 5 in Invocations
  5090 | D:7      | Reached XP level 9. HP: 45/62 MP: 14/14
  5245 | D:7      | Found a flagged portal.
  5303 | Bailey   | Entered a bailey
  5307 | Bailey   | Reached ** piety under Hepliaklqana
  5310 | Bailey   | Remembered your ancestor Shunnar as a battlemage
  5312 | Bailey   | Noticed an orc warlord
  5370 | Bailey   | Noticed an orc knight
  5383 | Bailey   | Killed an orc knight
  5384 | Bailey   | Reached skill level 5 in Throwing
  5384 | Bailey   | Reached skill level 9 in Stealth
  5426 | Bailey   | Found a runed translucent gate.
  5426 | Bailey   | Found a runed translucent gate.
  5426 | Bailey   | Found a runed translucent gate.
  5469 | Bailey   | Noticed an orc knight
  5475 | Bailey   | Killed an orc knight
  5641 | Bailey   | Killed an orc warlord
  5642 | Bailey   | Reached skill level 5 in Short Blades
  5642 | Bailey   | Reached skill level 5 in Long Blades
  5642 | Bailey   | Reached skill level 5 in Axes
  5642 | Bailey   | Reached skill level 5 in Maces & Flails
  5642 | Bailey   | Reached skill level 5 in Polearms
  5642 | Bailey   | Reached skill level 5 in Staves
  5642 | Bailey   | Reached skill level 5 in Ranged Weapons
  5642 | Bailey   | Reached skill level 5 in Dodging
  5642 | Bailey   | Reached skill level 5 in Shields
  5642 | Bailey   | Reached skill level 5 in Unarmed Combat
  5642 | Bailey   | Reached skill level 5 in Spellcasting
  5642 | Bailey   | Reached skill level 5 in Evocations
  5642 | Bailey   | Reached XP level 10. HP: 28/71 MP: 17/17
  5813 | D:7      | Acquired the +5 buckler "Paypn" {Will+ Str+6}
  6494 | D:7      | Found a basalt altar of Yredelemnul.
  6757 | D:8      | Found a sacrificial altar of Ru.
  6892 | D:8      | Reached *** piety under Hepliaklqana
  7126 | D:8      | Noticed Maurice
  7132 | D:8      | Killed Maurice
  7180 | D:8      | Noticed Grum
  7192 | D:8      | Killed Grum
  7480 | D:8      | Noticed a centaur warrior
  7480 | D:8      | Noticed a centaur warrior
  7484 | D:8      | Noticed a tengu warrior
  7512 | D:9      | Killed a tengu warrior
  8205 | D:9      | Found a staircase to the Orcish Mines.
  8230 | D:9      | Reached skill level 5 in Conjurations
  8230 | D:9      | Reached skill level 5 in Hexes
  8230 | D:9      | Reached skill level 5 in Summonings
  8230 | D:9      | Reached skill level 5 in Necromancy
  8230 | D:9      | Reached skill level 5 in Translocations
  8230 | D:9      | Reached skill level 5 in Transmutations
  8230 | D:9      | Reached skill level 5 in Fire Magic
  8230 | D:9      | Reached skill level 5 in Ice Magic
  8230 | D:9      | Reached skill level 5 in Air Magic
  8230 | D:9      | Reached skill level 5 in Earth Magic
  8230 | D:9      | Reached skill level 5 in Poison Magic
  8230 | D:9      | Reached XP level 11. HP: 61/76 MP: 20/20
  8416 | D:9      | Reached skill level 10 in Stealth
  8768 | D:8      | Noticed a moth of wrath
  8779 | D:8      | a moth of wrath changed into a merfolk
  8798 | D:8      | Killed a centaur warrior
  8858 | D:8      | Killed a centaur warrior
  8925 | D:10     | Entered Level 10 of the Dungeon
  8928 | D:10     | Noticed cheesebisquit's ghost (novice TrFi)
  8931 | D:10     | Noticed Harold
  8938 | D:10     | Killed Harold
  8966 | D:10     | Found a staircase to the Lair.
  8972 | D:10     | Noticed a two-headed ogre
  8978 | D:10     | Killed a two-headed ogre
  9203 | D:10     | Found a runed translucent door.
  9205 | D:10     | Reached **** piety under Hepliaklqana
  9333 | D:10     | Found an ancient bone altar of Kikubaaqudgha.
  9803 | D:10     | Noticed a two-headed ogre
  9809 | D:10     | Killed a two-headed ogre
  9921 | Lair:1   | Entered Level 1 of the Lair of Beasts
  9953 | Lair:1   | Reached XP level 12. HP: 71/84 MP: 22/22
 10000 | Lair:1   | Found an ornate altar of the Wu Jian Council.
 10219 | Lair:1   | Learned a level 2 spell: Searing Ray
 10223 | Lair:1   | Learned a level 3 spell: Call Canine Familiar
 10447 | Lair:1   | Identified the +5 ring mail "Luicoak" {+Blink rElec rPois
                  | Dex-2}
 10994 | D:11     | Noticed a two-headed ogre
 11022 | D:11     | Killed a two-headed ogre
 11111 | D:11     | Noticed Lodul
 11157 | D:11     | Killed Lodul
 11182 | D:11     | Noticed Sonja
 11385 | D:11     | Noticed a two-headed ogre
 11391 | D:11     | Killed a two-headed ogre
 11471 | D:11     | Noticed Nergalle
 11476 | D:11     | Killed Sonja
 11478 | D:11     | Reached skill level 11 in Stealth
 11585 | D:11     | Killed Nergalle
 11865 | D:11     | Noticed a two-headed ogre
 11871 | D:11     | Killed a two-headed ogre
 12331 | D:12     | Found a runed translucent gate.
 12331 | D:12     | Found a runed translucent gate.
 12331 | D:12     | Found a runed translucent gate.
 12620 | D:12     | Found a sparkling altar of Nemelex Xobeh.
 12824 | D:12     | Reached ***** piety under Hepliaklqana
 12998 | D:12     | Noticed Roubeug's ghost (journeyman FeBe)
 13204 | D:13     | Learned a level 3 spell: Hailstorm
 13208 | D:13     | Learned a level 3 spell: Swiftness
 13307 | D:13     | Noticed a tengu warrior
 13308 | D:13     | Noticed a tengu warrior
 13315 | D:13     | Killed a tengu warrior
 13316 | D:13     | Reached XP level 13. HP: 78/90 MP: 21/25
 13565 | D:13     | Mangled by a skeletal warrior

Illustrated notes

Levels and vault maps discovered:
D:1:      saegor_arrival_simple_d, layout_loops_cross, basic_ecumenical_altar,
          chequers_serial_rivers_marsh
D:2:      wander_river, layout_basic, uniq_natasha
D:3:      layout_basic, nicolae_elyvilon_peaceful_grove, lemuel_doored_altar,
          nicolae_vehumet_radiance
D:4:      layout_basic, nicolae_tso_swordbearing_angel, temple_statues,
          uniq_sigmund
D:5:      layout_cave_pools
D:6:      layout_loops_ring, mainiacjoe_overflow_24_doors,
          mainiacjoe_overflow_boulevard, chequers_ossuary_entry_cave
D:7:      layout_loops_corners, lemuel_mausoleum_altar_yredelemnul,
          enter_bailey_5
D:8:      minmay_blocky_corners, layout_loops_ring, hangedman_ru_absence,
          uniq_maurice, uniq_grum
D:9:      layout_gridville, orc_0_dummy
D:10:     minmay_general_purpose_star, layout_loops_ring,
          kennysheep_vampire_church, lair_entry_dummy, hellmonk_ghost_big_iron,
          minmay_crystal_room, bh_walls_and_bars, uniq_harold
D:11:     layout_basic, uniq_nergalle, uniq_lodul, uniq_sonja
D:12:     layout_roguey, gammafunk_ghost_necromancy,
          nemelex_diamond_rough_becter
D:13:     layout_irregular_city, nicolae_trove_entry_path_of_doom
Temple:   compressed_dpeg_triangle_lava_temple
Lair:1:   layout_loops_ring, basic_altar, chequers_serial_rivers_small_b,
          kennysheep_abandoned_house

Skill      XL: |  1  2  3  4  5  6  7  8  9 10 11 12 |
---------------+-------------------------------------+-----
Short Blades   | 1 2 3 5 6 7 8 |  8.3
Long Blades    | 1 2 3 5 6 7 8 |  8.3
Axes           | 1 2 3 5 6 7 8 |  8.3
Maces & Flails | 1 2 3 5 6 7 8 |  8.3
Polearms       | 1 2 3 5 6 7 8 |  8.3
Staves         | 1 2 3 5 6 7 8 |  8.3
Ranged Weapons | 1 2 3 5 6 7 8 |  8.3
Dodging        | 1 2 3 5 6 7 8 |  8.3
Shields        | 1 2 3 5 6 7 8 |  8.3
Unarmed Combat | 1 2 3 5 6 7 8 |  8.3
Spellcasting   | 1 2 3 5 6 7 8 |  8.3
Evocations     | 1 2 3 5 6 7 8 |  8.3
Conjurations   | 1 2 3 4 5 6 |  6.9
Hexes          | 1 2 3 4 5 6 |  6.9
Summonings     | 1 2 3 4 5 6 |  6.9
Necromancy     | 1 2 3 4 5 6 |  6.9
Translocations | 1 2 3 4 5 6 |  6.9
Transmutations | 1 2 3 4 5 6 |  6.9
Fire Magic     | 1 2 3 4 5 6 |  6.9
Ice Magic      | 1 2 3 4 5 6 |  6.9
Air Magic      | 1 2 3 4 5 6 |  6.9
Earth Magic    | 1 2 3 4 5 6 |  6.9
Poison Magic   | 1 2 3 4 5 6 |  6.9
Invocations    | 3 4 5 6 7 8 9 |  9.5
Throwing       | 3 4 5 6 7 8 |  8.8
Stealth        | 8 9 10 11 | 11.4
Fighting       | 5 6 7 8 9 |  9.6
Armour         | 5 6 7 8 9 |  9.6

Action                     |  1- 3 |  4- 6 |  7- 9 | 10-12 | 13-15 || total
---------------------------+-------+-------+-------+-------+-------++-------
  Melee: Dagger            |    39 |    84 |   340 |       |       ||   463
         Bite              |     5 |    10 |    36 |    65 |    10 ||   126
         Punch             |       |     3 |     7 |       |       ||    10
         Rapier            |       |       |       |   437 |    65 ||   502
   Fire: Sling             |       |     4 |       |       |       ||     4
  Throw: Dart              |     4 |     8 |     8 |     5 |       ||    25
         Throwing net      |       |       |     3 |     1 |       ||     4
   Cast: Call Canine Famil |       |       |       |     3 |       ||     3
         Hailstorm         |       |       |       |     1 |       ||     1
 Invoke: Recall Ancestor   |       |       |     1 |       |       ||     1
         Ancestor Life: Ba |       |       |     1 |       |       ||     1
  Evoke: Wand              |       |       |     2 |    13 |     2 ||    17
    Use: Scroll            |       |     9 |       |    24 |       ||    33
         Potion            |       |       |     4 |     2 |     7 ||    13
   Stab: Sleeping          |     5 |       |     3 |    17 |     1 ||    26
         Distracted        |       |       |     3 |     7 |       ||    10
         Paralysed         |       |       |     3 |       |       ||     3
         Held in net/web   |       |       |     1 |       |       ||     1
         Invisible         |       |       |       |     1 |       ||     1
 Armour: Ring mail         |    13 |    25 |   136 |   137 |    11 ||   322
         Skin              |       |       |       |       |    10 ||    10
  Dodge: Dodged            |    16 |    48 |   171 |   160 |    25 ||   420
  Block: Other             |       |       |    42 |       |       ||    42
         Reflection        |       |       |     6 |    10 |       ||    16
         Buckler           |       |       |       |   393 |    48 ||   441
